 Dungeon Crawl Stone Soup version 0.29.1 (webtiles) character file.

Game seed: 14878228698017683058

408 groovy9 the Shooter (level 6, -2/79 HPs)
             Began as a Minotaur Hunter on Sept 15, 2022.
             Slain by a gnoll
             ... wielding a +0 flail
             ... led by a gnoll sergeant
              (12 damage)
             ... on level 5 of the Dungeon.
             The game lasted 00:10:40 (4252 turns).

groovy9 the Shooter (Minotaur Hunter)               Turns: 4252, Time: 00:10:40

Health: -2/79      AC: 23    Str: 15 (16) XL:     6   Next: 57%
Magic:  0/5        EV:  2    Int:  3 (6)  God:
Gold:   251        SH:  0    Dex: 20 (21) Spells: 5/5 levels left

rFire   . . .      SeeInvis .   a - +1 shortbow
rCold   . . .      Faith    .   (shield currently unavailable)
rNeg    . . .      Spirit   +   (body armour currently unavailable)
rPois   +          Reflect  .   (helmet currently unavailable)
rElec   .          Harm     .   (cloak currently unavailable)
rCorr   .          Rampage  .   (gloves currently unavailable)
Will    .....      NoTele   +   (boots currently unavailable)
Stlth   +.........              l - amulet of guardian spirit
HPRegen 0.23/turn               d - +6 ring of dexterity
MPRegen 0.09/turn               (no ring)

@: confused, brilliant, tree-form (expiring)
A: stationary, stasis, torment immunity, boosted hp, (horns 2), (retaliatory
headbutt)
a: no special abilities


You were on level 5 of the Dungeon.
You were a tree.
You visited 2 branches of the dungeon, and saw 6 of its levels.

You collected 251 gold pieces.

Inventory:

Hand Weapons
 a - a +1 shortbow (weapon)
Missiles
 n - a throwing net
Armour
 c - a +1 leather armour (melded)
Jewellery
 d - a +6 ring of dexterity (left branch)
 l - an amulet of guardian spirit (around neck)
Wands
 m - a wand of polymorph (6)
Scrolls
 b - 2 scrolls of immolation
 h - a scroll of summoning {unknown}
Potions
 f - a potion of degeneration


   Skills:
 + Level 4.7 Fighting
 * Level 6.9 Ranged Weapons
 + Level 4.2 Dodging
 - Level 0.7 Stealth


You had 5 spell levels left.
You didn't know any spells.
Your spell library contained the following spells:

 Spells                   Type           Power      Damage    Failure   Level
 Airstrike                Air            0%         2d(0-16)  99%         4
 Summon Lightning Spire   Summ/Air       0%         N/A       99%         4
 Lightning Bolt           Conj/Air       0%         1d11      100%        5


Dungeon Overview and Level Annotations

Branches:
Dungeon (5/15)             Temple (1/1) D:4

Altars:
Ashenzari
Cheibriados
Dithmenos
Fedhas
Gozag
Kikubaaqudgha
Nemelex Xobeh
Okawaru
Ru
Sif Muna
Trog
Vehumet
Wu Jian
Xom
Zin
The Shining One

Shops:
D:2 ?


Innate Abilities, Weirdness & Mutations

You are a tree.
Your roots penetrate the ground, keeping you stationary.
You cannot be teleported.
You are immune to unholy pain and torment.
Your maximum health is greatly increased.
Your equipment is partially melded.
((You have a pair of horns on your head.))
((You reflexively headbutt those who attack you in melee.))


Message History

The golden eye blinks!
You are too injured to fight recklessly!
You are too injured to fight recklessly!
Fire: a) +1 shortbow
Press: ? - help, Q - select action, (/) - cycle Shift-Dir - straight line, f/p - golden eye
Aim: a golden eye (39% to hit)
You shoot an arrow. The arrow hits the gnoll sergeant!
The gnoll sergeant is severely wounded.
The golden eye blinks at you.
You easily resist.
The gnoll sergeant hits you but does no damage.
The gnoll hits you but does no damage. x2
The golden eye blinks at you.
You are confused.
The gnoll sergeant hits you but does no damage.
The gnoll hits you but does no damage. x2
Non-targeted confused fire: a) +1 shortbow
Press: ? - help, Q - select action, (/) - cycle Dir - look around, f - activate You shoot an arrow.
The arrow hits the gnoll sergeant.
The gnoll sergeant is severely wounded.
The golden eye blinks at you.
You are more confused.
The gnoll sergeant hits you but does no damage.
The gnoll hits you but does no damage. x2
Non-targeted confused fire: a) +1 shortbow
Press: ? - help, Q - select action, (/) - cycle Dir - look around, f - activate Look: a gnoll sergeant, wielding a +0 trident and wearing a +0 ring mail (severely wounded)
You shoot an arrow. The gnoll sergeant barely misses you.
The gnoll hits you but does no damage. The gnoll hits you with a +0 flail!
* * * LOW HITPOINT WARNING * * *
Non-targeted confused fire: a) +1 shortbow
Press: ? - help, Q - select action, (/) - cycle Dir - look around, f - activate Look: a gnoll sergeant, wielding a +0 trident and wearing a +0 ring mail (severely wounded)
You shoot an arrow.
Your transformation is almost over.
The golden eye blinks at you.
You are more confused.
The gnoll hits you with a +0 flail!
You die...

######## ##...## ....
....... #.....# ....
....... #.....# ....
....... #...).# g
..... ....... #.....#
.. ##+ ###+####
##....# ... #..
#......# ##....# ....
#.. '......# #.....#
..... #.. #......#
#...♣g#.....#######..
#......#
#..ggG'.....#....'...
#......#
##(...#.....#....#...
.......#
##....#.....#....#...
.......#
#.....#.....########.
.......#
#.....#.....#....###.
.###+###
#.....#.....#........
.#.....#
##....#.....'........
.'.....#
######.....#........


You could see a gnoll sergeant, 2 gnolls and a golden eye.

Vanquished Creatures
  An ice beast (D:5)
  A howler monkey (D:4)
  2 jellies (D:5)
  An iguana (D:5)
  2 orc wizards (D:5)
  3 gnolls (D:5)
  3 adders
  A worm (D:3)
  2 dart slugs (D:1)
  6 orcs
  6 ball pythons
  6 bats
  9 endoplasms
  3 giant cockroaches
  7 goblins
  6 hobgoblins
  3 jackals (D:3)
  5 quokkas
  A frilled lizard (D:1)
  5 kobolds
  8 rats
81 creatures vanquished.

Notes
Turn   | Place    | Note
-------+----------+-------------------------------------------
     0 | D:1      | groovy9 the Minotaur Hunter began the quest for the Orb.
     0 | D:1      | Reached XP level 1. HP: 18/18 MP: 0/0
   152 | D:1      | Reached XP level 2. HP: 25/25 MP: 1/1
   883 | D:2      | Reached skill level 5 in Ranged Weapons
   903 | D:2      | Reached XP level 3. HP: 31/31 MP: 2/2
  1070 | D:2      | Found Qyak's Magic Scroll Shoppe.
  1933 | D:3      | Reached XP level 4. HP: 38/38 MP: 3/3
  2285 | D:4      | Found a broken altar of Ashenzari.
  2582 | D:4      | Found a staircase to the Ecumenical Temple.
  2589 | Temple   | Entered the Ecumenical Temple
  3078 | D:5      | Entered Level 5 of the Dungeon
  3086 | D:5      | Reached skill level 6 in Ranged Weapons
  3086 | D:5      | Reached XP level 5. HP: 39/46 MP: 4/4
  3174 | D:5      | Noticed an orc warrior
  3177 | D:5      | Noticed a water moccasin
  3203 | D:4      | HP: 2/46 [water moccasin (3)]
  3904 | D:5      | Reached XP level 6. HP: 44/52 MP: 3/5
  3913 | D:5      | Noticed an ice beast
  3923 | D:5      | Killed an ice beast
  4161 | D:5      | Noticed a water moccasin
  4162 | D:5      | Noticed a golden eye
  4162 | D:5      | a water moccasin changed into a golden eye
  4252 | D:5      | Slain by a gnoll

Illustrated notes

Levels and vault maps discovered:
D:1:      dpeg_arrival_arbitrary_c, layout_basic,
          chequers_serial_rivers_large_a, nrook_mini_backslash
D:2:      layout_rooms, serial_shops, shop, kennysheep_cluttered_room
D:3:      layout_loops_ring
D:4:      layout_loops_ring, ashenzari_conservatory_becter,
          minmay_temple_entry_enclosed_plants, serial_glass, glass_columns_a,
          glass_columns_b, minmay_strange_pillars, grunt_decor_fettered
D:5:      layout_gridville, roderic_serpentine_path
Temple:   regret_index_temple_waves

Skill      XL: |  1  2  3  4  5  6 |
---------------+-------------------+-----
Ranged Weapons | 5 6 |  6.9
Fighting       | 3 4 |  4.7
Dodging        | 3 4 |  4.2
Stealth        | |  0.7

Action                   |  1- 3 |  4- 6 || total
-------------------------+-------+-------++-------
 Fire: Shortbow          |   123 |   215 ||   338
Evoke: Wand              |       |     1 ||     1
  Use: Scroll            |     2 |     8 ||    10
       Potion            |       |    11 ||    11
Armor: Leather armour    |     5 |     8 ||    13
       Skin              |       |    34 ||    34
Dodge: Dodged            |    28 |    49 ||    77
